 Dungeon Crawl Stone Soup version 0.26.0-20-g3ca415f5b8 (webtiles) character file.

Game seed: 13317445918277643460

1295752 Kejsarherre the Hoplite (level 27, 0/220 HPs)
             Began as an Octopode Conjurer on Jan 23, 2021.
             Was the Champion of Vehumet.
             Slain by an iron dragon zombie (7 damage)
             ... summoned by a royal mummy
             ... on level 2 of the Tomb of the Ancients on Jan 24, 2021.
             The game lasted 07:10:51 (86691 turns).

Kejsarherre the Hoplite (Octopode Conjurer)        Turns: 86691, Time: 07:10:52

Health: 0/220      AC: 10    Str: 19    XL:     27
Magic:  84/106     EV: 16    Int: 44    God:    Vehumet [******]
Gold:   10292      SH: 25    Dex: 13    Spells: 10/76 levels left

rFire    + + +     SeeInvis +   u - +0 flail of the Abyss {vorpal, rF+ rC+ Int+3}
rCold    + + +     Faith    .   B - +0 tower shield of Nonum {rF+++ rN++ Str-3}
rNeg     + + +     Spirit   .   (helmet restricted)
rPois    ∞         Reflect  .   T - amulet "Lonoaj" {RegenMP rN+ Will+ Dex+3}
rElec    +         Harm     .   R - ring of magical power
rCorr    .         Rampage  .   w - +6 ring of intelligence
Will     +++++                  e - ring of magical power
Stlth    ++++++++..             n - ring "Isaizip" {+Blink rF+ MP+9}
HPRegen  0.46/turn              Y - ring "Bixo" {Ice rPois Str+5 Int+4}
MPRegen  0.85/turn              D - ring of magical power
                                V - ring of Eqoixos {rC++ Will+ MP+9 Str+6 SInv Stlth+}
                                A - ring of magical power

@: lich-form, no potions, slowed, very slow
A: almost no armour, stealthy swim, amphibious, 8 rings, constrict 8, beak,
rugged brown scales 1, thin metallic scales 1, camouflage 1, sense surroundings
1, electricity resistance, strong 1, gelatinous body 1
}: 14/15 runes: decaying, slimy, silver, iron, obsidian, icy, bone, abyssal,
demonic, glowing, magical, fiery, dark, gossamer
a: End Transformation, Renounce Religion, Evoke Blink


You were on level 2 of the Tomb of the Ancients.
You worshipped Vehumet.
Vehumet was exalted by your worship.
You were a lich.
You visited 17 branches of the dungeon, and saw 86 of its levels.
You visited Pandemonium 1 time, and saw 22 of its levels.
You visited the Abyss 2 times.
You also visited: Trove, Bailey, Ice Cave and Volcano.

You collected 14478 gold pieces.
You spent 4186 gold pieces at shops.

Inventory:

Hand Weapons
 u - the +0 flail of the Abyss (weapon) {vorpal, rF+ rC+ Int+3}
   (You found it on level 5 of the Pits of Slime)

   It inflicts extra damage upon your enemies.
   It affects your intelligence (+3).
   It protects you from fire.
   It protects you from cold.
Armour
 B - the +0 tower shield of Nonum (worn) {rF+++ rN++ Str-3}
   (You took it off a deep elf death mage on level 3 of the Elven Halls)

   It affects your strength (-3).
   It renders you almost immune to fire.
   It greatly protects you from negative energy.
Jewellery
 e - a ring of magical power (on tentacle)
 n - the ring "Isaizip" (on tentacle) {+Blink rF+ MP+9}
   (You found it in Pandemonium)

   [ring of magical power]

   It protects you from fire.
   It affects your magic capacity (+9).
   It lets you blink.
 p - a +6 ring of intelligence
 q - an uncursed ring of willpower
 w - a +6 ring of intelligence (right tentacle)
 A - a ring of magical power (on tentacle)
 D - a ring of magical power (on tentacle)
 M - an uncursed ring of wizardry
 R - a ring of magical power (left tentacle)
 T - the amulet "Lonoaj" (around mantle) {RegenMP rN+ Will+ Dex+3}
   (You found it in a treasure trove)

   [amulet of magic regeneration]

   It increases your magic regeneration.
   It affects your dexterity (+3).
   It protects you from negative energy.
   It affects your willpower, your defense against some magical effects.
 V - the ring of Eqoixos (on tentacle) {rC++ Will+ MP+9 Str+6 SInv Stlth+}
   (You found it on level 5 of the Pits of Slime)

   [ring of strength]

   It affects your strength (+6).
   It greatly protects you from cold.
   It affects your willpower, your defense against some magical effects.
   It affects your magic capacity (+9).
   It lets you see invisible.
   It makes you more stealthy.
 Y - the ring "Bixo" (on tentacle) {Ice rPois Str+5 Int+4}
   (You found it in a treasure trove)

   [ring of ice]

   It enhances your ice magic.
   It affects your strength (+5).
   It affects your intelligence (+4).
   It makes you vulnerable to fire.
   It protects you from cold.
   It protects you from poison.
Wands
 i - a wand of flame (139)
 r - a wand of iceblast (52)
 x - a wand of acid (49)
 y - a wand of digging (29)
 F - a wand of disintegration (113)
Scrolls
 a - 17 scrolls of enchant weapon
 f - 31 scrolls of remove curse
 g - 26 scrolls of teleportation
 h - 13 scrolls of fog
 j - 6 scrolls of summoning
 k - 4 scrolls of fear
 t - 4 scrolls of vulnerability
 z - 17 scrolls of enchant armour
 H - 9 scrolls of amnesia
 J - 2 scrolls of magic mapping
 K - 3 scrolls of brand weapon
 L - a scroll of blinking
 S - 8 scrolls of holy word
 X - 20 scrolls of identify
Potions
 b - 15 potions of flight
 c - 27 potions of might
 d - 4 potions of cancellation
 l - 16 potions of brilliance
 m - 4 potions of invisibility
 o - 32 potions of curing
 s - 13 potions of haste
 v - 8 potions of magic
 C - 38 potions of heal wounds
 E - 4 potions of mutation
 G - 11 potions of attraction
 I - 4 potions of resistance
 N - 6 potions of berserk rage
 Q - 21 potions of ambrosia
 U - 11 potions of lignification


   Skills:
 - Level 24.0 Fighting
 - Level 6.5 Dodging
 - Level 17.0 Stealth
 - Level 25.0 Shields
 + Level 25.0 Spellcasting
 - Level 23.0 Conjurations
 - Level 22.0 Necromancy
 - Level 3.1 Translocations
 - Level 14.0 Transmutations
 - Level 21.0 Fire Magic
 - Level 22.0 Ice Magic
 - Level 5.0 Air Magic
 - Level 10.0 Earth Magic
 - Level 10.0 Evocations


You had 10 spell levels left.
You knew the following spells:

 Your Spells              Type           Power        Failure   Level
a - Magic Dart            Conj           100%         0%          1
b - Searing Ray           Conj           100%         0%          2
c - Iskenderun's Mystic   Conj/Tloc      100%         0%          4
d - Apportation           Tloc           100%         1%          1
e - Bolt of Magma         Conj/Fire/Erth 59%          0%          5
f - Airstrike             Air            39%          1%          4
g - Blink                 Tloc           N/A          1%          2
h - Ozocubu's Refrigerat  Ice            77%          0%          6
i - Necromutation         Tmut/Necr      72%          1%          8
j - Absolute Zero         Ice            77%          1%          9
k - Statue Form           Tmut/Erth      68%          1%          6
l - Fire Storm            Conj/Fire      64%          1%          9
m - Death's Door          Necr           77%          3%          9

Your spell library contained the following spells:

 Spells                   Type           Power        Failure   Level
 Lehudib's Crystal Spear  Conj/Erth      58%          1%          8
 Shatter                  Erth           48%          71%         9
 Animate Skeleton         Necr           100%         0%          1
 Beastly Appendage        Tmut           100%         0%          1
 Foxfire                  Conj/Fire      100%         0%          1
 Freeze                   Ice            100%         0%          1
 Sandblast                Erth           100%         0%          1
 Shock                    Conj/Air       100%         0%          1
 Sting                    Tmut/Pois      100%         0%          1
 Corpse Rot               Necr/Air       N/A          0%          2
 Ensorcelled Hibernation  Hex/Ice        100%         0%          2
 Passwall                 Tmut/Erth      85%          0%          2
 Sublimation of Blood     Necr           77%          0%          2
 Wereblood                Tmut           100%         0%          2
 Conjure Flame            Conj/Fire      100%         0%          3
 Dazzling Flash           Conj/Hex       100%         0%          3
 Frozen Ramparts          Ice            100%         0%          3
 Ignite Poison            Fire/Tmut/Pois 100%         0%          3
 Inner Flame              Hex/Fire       99%          0%          3
 Mephitic Cloud           Conj/Pois/Air  95%          0%          3
 Ozocubu's Armour         Ice            100%         0%          3
 Static Discharge         Conj/Air       100%         0%          3
 Stone Arrow              Conj/Erth      100%         0%          3
 Animate Dead             Necr           77%          0%          4
 Hailstorm                Conj/Ice       100%         0%          4
 Ice Form                 Ice/Tmut       100%         0%          4
 Sticky Flame             Conj/Fire      100%         0%          4
 Borgnjor's Vile Clutch   Necr/Erth      69%          0%          5
 Excruciating Wounds      Necr           77%          0%          5
 Fireball                 Conj/Fire      64%          0%          5
 Irradiate                Conj/Tmut      60%          0%          5
 Death Channel            Necr           77%          0%          6
 Simulacrum               Ice/Necr       90%          0%          6
 Orb of Destruction       Conj           65%          0%          7
 Corona                   Hex            58%          1%          1
 Summon Small Mammal      Summ           100%         1%          1
 Call Imp                 Summ           53%          1%          2
 Poisonous Vapours        Pois/Air       100%         1%          2
 Slow                     Hex            53%          1%          2
 Swiftness                Air            78%          1%          2
 Call Canine Familiar     Summ           53%          1%          3
 Confusing Touch          Hex            53%          1%          3
 Gell's Gravitas          Tloc           35%          1%          3
 Portal Projectile        Hex/Tloc       100%         1%          3
 Spider Form              Tmut/Pois      43%          1%          3
 Summon Guardian Golem    Hex/Summ       53%          1%          3
 Fulminant Prism          Conj/Hex       51%          1%          4
 Leda's Liquefaction      Hex/Erth       39%          1%          4
 Olgreb's Toxic Radiance  Pois           53%          1%          4
 Petrify                  Tmut/Erth      100%         1%          4
 Summon Ice Beast         Ice/Summ       100%         1%          4
 Summon Lightning Spire   Summ/Air       67%          1%          4
 Alistair's Intoxication  Tmut/Pois      57%          1%          5
 Blade Hands              Tmut           54%          1%          5
 Lee's Rapid Deconstruct  Erth           48%          1%          5
 Lightning Bolt           Conj/Air       54%          1%          5
 Metabolic Englaciation   Hex/Ice        61%          1%          5
 Yara's Violent Unravell  Hex/Tmut       43%          1%          5
 Conjure Ball Lightning   Conj/Air       54%          1%          6
 Eringya's Noxious Bog    Tmut/Pois      43%          1%          6
 Freezing Cloud           Conj/Ice/Air   70%          1%          6
 Hydra Form               Tmut           54%          1%          6
 Iron Shot                Conj/Erth      58%          1%          6
 Dragon Form              Tmut           54%          1%          7
 Borgnjor's Revivificati  Necr           77%          1%          8
 Chain Lightning          Conj/Air       54%          1%          8
 Ignition                 Fire           63%          1%          8
 Infestation              Necr           77%          1%          8
 Cause Fear               Hex            26%          2%          4
 Silence                  Hex/Air        33%          2%          5
 Haunt                    Necr/Summ      61%          2%          7
 Summon Forest            Summ/Tloc      31%          4%          5
 Summon Demon             Summ           26%          8%          5
 Dispersal                Tloc           35%          12%         6
 Shadow Creatures         Summ           N/A          41%         6
 Malign Gateway           Summ/Tloc      31%          77%         7
 Monstrous Menagerie      Summ           26%          94%         7
 Summon Greater Demon     Summ           26%          94%         7
 Summon Hydra             Summ           26%          94%         7
 Disjunction              Tloc           35%          99%         8
 Summon Horrible Things   Summ           26%          100%        8
 Dragon's Call            Summ           26%          100%        9
 Tornado                  Air            39%          100%        9


Dungeon Overview and Level Annotations

Branches:
Dungeon (15/15)            Temple (0/1) D:5            Lair (6/6) D:11
  Swamp (4/4) Lair:4       Spider (4/4) Lair:2        Slime (5/5) Lair:6
    Orc (2/2) D:10            Elf (3/3) Orc:2        Vaults (5/5) D:13
  Crypt (3/3) Vaults:2       Tomb (2/3) Crypt:3      Depths (5/5) D:15
   Hell (visited)             Dis (7/7) Hell            Geh (7/7) Hell
    Coc (7/7) Hell            Tar (7/7) Hell            Zot (5/5) Depths:5
 Bailey (visited)           IceCv (visited)         Volcano (visited)

Altars:
Ashenzari
Dithmenos
Elyvilon
Hepliaklqana
Kikubaaqudgha
Makhleb
Nemelex Xobeh
Okawaru
Qazlal
Ru
Trog
Vehumet
Wu Jian
Xom
Yredelemnul
Beogh
Jiyva
Lugonu

Shops:
D:4 :   D:7 (   D:10 [*((   D:12 *   D:15 (   Orc:1 }   Orc:2 (=:[!   Elf:2 :
Vaults:1 [   Depths:1 (

Portals:
Hell: Depths:1 Depths:2 Depths:3 Depths:4 Depths:5
Abyss: Depths:2 Depths:4
Pandemonium: Depths:3
Ziggurat: Depths:2

Annotations:
Lair:2 1 runed translucent door, nano's ghost, journeyman SpVM


Innate Abilities, Weirdness & Mutations

You cannot wear most types of armour.
You are very stealthy in the water. (Stealth+)
You are amphibious.
You can wear up to eight rings at the same time.
You can use your tentacles to constrict eight enemies at once.
Your skin changes colour to match your surroundings (Stealth+).
Your rubbery body absorbs attacks. (AC +1, EV +1)
You have a beak for a mouth.
You are partially covered in rugged brown scales. (AC +1, +3% HP)
You are partially covered in thin metallic scales. (AC +2)
You passively map a small area around you.
You are resistant to electric shocks. (rElec)
Your muscles are strong. (Str +2)


Message History

The ushabti resists.
The ushabti is heavily damaged.
The death scarab is almost destroyed.
You destroy the death scarab!
The death scarab's corpse disappears in a puff of smoke!
The wraith resists.
You destroy the wraith!
The mummy resists.
You destroy the mummy!
Vehumet accepts your kill.
You feel your power returning. You block the death scarab's attack.
You block the ancient lich's attack. You block the death scarab's attack.
The ancient lich is lost in a daze.
The royal mummy points at you and mumbles some strange words.
Something smites you!
* * * LOW HITPOINT WARNING * * *
The iron dragon zombie bites you!
* * * LOW HITPOINT WARNING * * *
The iron dragon zombie claws you!
You die...

, ,
,.....###..).. ,
, , ...#...#...
., †#.....#., .
, #.,#.....○.#
.# ^ , ,
#..#.......#..#
, , ,
,#...B8.M..# *
^, , ,
##....†Zs..## ,
, ,
#..§.LL.....# ,
, ,
,##.8§BM8s..##,,
#..§s§....# ,* ,
#..#.§§s.=.#^.#
#. #.8.....# .#
* . .#.....#. .
, , ...#...#...
,.....###..... ,
, * , ^


You could see 2 royal mummies, 4 emperor scorpions, an ancient lich (fast,
dazed), 2 ushabtiu, 2 death scarabs and an iron dragon zombie (summoned, dazed).

Vanquished Creatures
  Cerebov (Pan)
  Antaeus (Coc:7)
  Asmodeus (Geh:7)
  the Royal Jelly (Slime:5)
  Gloorx Vloq (Pan)
  Ereshkigal (Tar:7)
  the Serpent of Hell (Dis:7)
  A seraph (Pan)
  Mnoleg (Pan)
  Lom Lobon (Pan)
  9 ancient liches
  Dispater (Dis:7)
  6 orbs of fire
  Mennas (Vaults:2)
  Mara (Crypt:2)
  A juggernaut (Depths:3)
  A royal mummy (Tomb:2)
  Sojobo (Depths:2)
  A pandemonium lord (Pan)
  Boris (thrice) (Vaults:4 Depths:5 Crypt:3)
  11 shard shrikes
  Frederick (Crypt:2)
  Saint Roka (Vaults:4)
  3 Killer Klowns (Zot:5)
  Xtahua (Depths:3)
  3 curse toes (Zot:5)
  7 caustic shrikes
  Geryon (Hell)
  The ghost of FreshCat the Slayer, an adept MiFi of Okawaru (Depths:4)
  11 golden dragons
  11 bone dragons
  A profane servitor (Abyss:1)
  6 electric golems
  15 Brimstone Fiends
  20 Tzitzimimeh
  3 doom hounds (Tar:7)
  Jorgrun (Spider:2)
  22 tentacled monstrosities
  10 Hell Sentinels
  9 iron giants (Dis:7)
  Rupert (D:13)
  12 liches
  15 Ice Fiends
  25 Orb Guardians (Zot:5)
  8 titans
  23 acid blobs
  2 deep elf blademasters (Elf:3)
  2 deep elf master archers (Elf:3)
  10 quicksilver dragons
  13 death cobs
  22 Executioners (Pan)
  4 tentacled starspawn
  Frances (Swamp:1)
  9 sphinxes
  5 tengu reavers
  18 ancient champions
  10 shadow dragons
  Roxanne (Swamp:2)
  Donald (Crypt:2)
  14 fire giants
  2 revenants
  9 daevas (Pan)
  7 azure jellies
  2 draconian monks
  15 storm dragons
  8 iron dragons (Dis:7)
  6 ghost moths
  11 frost giants
  A caustic shrike zombie (Crypt:1)
  5 draconian scorchers
  5 draconian knights
  A juggernaut zombie (Depths:4)
  4 emperor scorpions
  2 deep elf sorcerers
  19 vault wardens
  An orc warlord (Orc:2)
  3 curse skulls
  Aizul (Depths:2)
  13 cacodemons
  Louise (D:14)
  7 deep elf elementalists
  17 ironheart preservers
  6 ghouls (Crypt:1)
  32 balrugs
  51 reapers
  9 angels (Pan)
  3 draconian stormcallers
  5 draconian shifters
  2 elemental wellsprings (Coc:7)
  A caustic shrike skeleton (Depths:4)
  2 warmongers (Pan)
  4 spriggan defenders (Depths:3)
  19 war gargoyles
  20 very ugly things
  8 ophanim (Pan)
  3 corrupters (Pan)
  2 bennus (Tomb:1)
  17 stone giants
  9 draconian annihilators
  9 blood saints (Pan)
  8 deep elf annihilators
  12 white draconians
  5 black suns (Pan)
  13 vampire knights
  An apis (Pan)
  Azrael (D:13)
  9 yellow draconians
  10 deep elf demonologists
  4 lorocyprocas (Pan)
  Nessos (Orc:2)
  7 spark wasps
  5 entropy weavers
  3 green draconians
  14 black draconians
  13 purple draconians
  4 bunyips
  3 eidola
  A merfolk javelineer (Abyss:3)
  9 red draconians
  3 eleionomae
  20 ettins
  7 green deaths (Pan)
  3 mummy priests
  22 blizzard demons
  4 deep elf death magi (Elf:3)
  6 quicksilver dragon zombies
  14 jiangshi
  7 death oozes (Slime:5)
  11 fire dragons
  Josephine (D:14)
  7 deep elf high priests
  13 great orbs of eyes
  26 ice dragons
  2 monstrous demonspawn (Pan)
  34 vault guards
  13 hydras
  5 quicksilver dragon skeletons
  19 yaktaur captains
  Fannar (D:11)
  3 ghost crabs
  A hell beast (Dis:7)
  16 boulder beetles
  2 rakshasas
  2 spriggan air magi
  3 juggernaut simulacra
  5 alligators (Swamp:3)
  16 centaur warriors
  19 ogre magi
  2 anacondas (shapeshifter)
  6 death scarabs (Tomb:2)
  2 death knights
  49 two-headed ogres
  8 vampire magi
  28 dancing weapons
  8 death yaks
  11 deep troll shamans
  6 tengu warriors
  26 hell hogs
  8 deep troll earth magi
  4 titan zombies
  7 spriggan berserkers
  2 thrashing horrors (Abyss:3)
  4 small abominations
  3 shock serpents (Pan)
  4 orc high priests (Orc:2)
  24 soul eaters
  46 sun demons
  7 iron golems
  4 titan skeletons
  24 deep elf knights
  3 storm dragon zombies
  4 golden dragon zombies
  5 wretched stars
  A fire crab (Lair:2)
  39 hell knights
  17 shadow wraiths
  3 goliath frogs
  7 storm dragon skeletons
  16 shadow demons
  16 sixfirhies
  138 skeletal warriors
  11 iron trolls
  10 cherubim (Pan)
  2 salamander mystics
  6 spriggan druids
  2 ghost moth zombies
  5 flayed ghosts
  26 deep trolls
  13 bog bodies
  7 gelid demonspawn (Pan)
  4 infernal demonspawn (Pan)
  3 torturous demonspawn (Pan)
  A quicksilver dragon simulacrum (Coc:7)
  8 anaconda zombies
  18 deep elf archers
  20 ironbrand convokers
  11 unseen horrors
  A swamp dragon (shapeshifter) (Vaults:5)
  5 golden dragon skeletons
  5 glowing orange brains
  A lindwurm (Swamp:4)
  A harpy (Vaults:1)
  5 shadow dragon zombies
  8 anaconda skeletons
  23 phantasmal warriors
  16 orc knights
  An orange crystal statue (Depths:4)
  8 wizards
  2 iron dragon zombies
  An obsidian statue (Volcano)
  18 necromancers
  66 deep elf magi
  4 wolf spider zombies
  4 shadow dragon skeletons
  7 swamp dragons
  6 stone giant zombies
  19 orb spiders
  15 shining eyes
  5 orc sorcerers
  36 wolf spiders
  8 cyclopes
  9 fire giant zombies
  2 worldbinders
  29 moths of wrath
  2 oklob plants (Lair:4)
  An orb spider (shapeshifter) (Depths:3)
  2 manticores (D:13)
  40 ugly things
  A manticore (shapeshifter) (Vaults:5)
  7 frost giant zombies
  2 will-o-the-wisps (Swamp:2)
  A salamander (shapeshifter) (Vaults:5)
  7 fire giant skeletons
  2 centaur zombies
  A moth of wrath (shapeshifter) (Abyss:2)
  2 stone giant skeletons
  3 elephants (Lair:6)
  4 iron dragon skeletons
  8 frost giant skeletons
  9 salamanders
  2 apocalypse crabs
  The ghost of jeanjacques the Cleaver, a novice DDDe of Ru (D:8)
  5 black mambas
  4 torpor snails
  25 rust devils
  18 vault sentinels
  6 ice statues
  11 orange demons (Pan)
  2 shock serpent zombies (Crypt:1)
  6 dire elephant zombies
  24 smoke demons
  6 molten gargoyles
  A shock serpent skeleton (Crypt:2)
  2 eyes of devastation
  A kobold demonologist (D:8)
  2 catoblepas zombies
  4 spriggan zombies
  29 hellions
  8 gargoyles
  25 cane toads
  24 demonic crawlers
  2 dire elephant skeletons
  A rime drake (shapeshifter) (Vaults:2)
  66 yaktaurs
  3 human zombies
  2 rime drakes
  2 tengu conjurers
  37 freezing wraiths
  An emperor scorpion zombie (Crypt:3)
  12 efreet
  9 komodo dragons
  44 ice devils
  35 red devils
  A queen bee (Spider:2)
  39 tormentors
  13 guardian mummies
  A catoblepas skeleton (Pan)
  2 ancient zymes
  A troll (shapeshifter) (Depths:4)
  A meliai (shapeshifter) (IceCv)
  12 hellwings (Pan)
  2 yaktaur skeletons
  2 queen bees (shapeshifter)
  3 harpy zombies
  11 trolls
  32 jumping spiders
  17 polar bears
  A bloated husk (Swamp:4)
  An iron troll skeleton (Crypt:1)
  2 wind drakes (shapeshifter)
  14 hydra zombies
  9 meliai
  A shadow dragon simulacrum (Abyss:3)
  A moth of wrath zombie (Crypt:1)
  32 hornets
  5 raiju
  A slime creature (shapeshifter) (Vaults:5)
  A hornet (shapeshifter) (D:13)
  15 blink frogs
  2 deep troll zombies
  60 slime creatures
  2 harpy skeletons (Coc:7)
  A blink frog (shapeshifter) (Vaults:5)
  7 tyrant leeches
  5 dream sheep (Lair:5)
  A jumping spider zombie (Crypt:1)
  2 hydra skeletons
  5 ice dragon zombies
  A fire giant simulacrum (Vaults:1)
  7 alligator skeletons
  A frost giant simulacrum (Coc:7)
  3 alligator zombies
  9 ettin zombies
  6 starcursed masses
  4 fire dragon zombies
  9 ettin skeletons
  23 large abominations
  19 fire dragon skeletons
  110 flying skulls
  22 shadows
  A tarantella (shapeshifter) (Vaults:5)
  37 tarantellas
  5 air elementals
  2 wyverns
  7 vampires
  40 wraiths
  76 redbacks
  A spriggan simulacrum (Depths:3)
  4 ushabtiu
  An ice dragon skeleton (Coc:7)
  30 spriggans
  8 water elementals
  6 ynoxinuls (Pan)
  A hog (shapeshifter) (Depths:5)
  11 fire bats
  A black mamba skeleton (Geh:1)
  28 fire elementals
  16 humans (D:13)
  A human (shapeshifter) (Vaults:1)
  58 yaks
  A golden eye (Slime:5)
  4 basilisks
  16 neqoxecs
  7 steam dragons
  A yaktaur simulacrum (Vaults:2)
  5 chaos spawn
  8 vampire mosquitoes
  5 cane toad zombies
  5 acid dragons
  A soldier ant (shapeshifter) (Depths:5)
  2 soldier ants
  14 swamp worms
  19 water moccasins
  9 wargs
  Duvessa (D:6)
  75 hell hounds
  An infernal demonspawn skeleton (Crypt:1)
  50 orc warriors
  6 swamp drakes
  7 sky beasts
  4 cane toad skeletons
  14 ice beasts
  8 phantoms
  3 black bears
  24 necrophages
  8 eyes of draining
  A merfolk skeleton (Crypt:2)
  An eye of draining (shapeshifter) (D:14)
  2 swamp dragon zombies
  5 boggarts (D:14)
  5 snapping turtle zombies
  3 snapping turtle skeletons
  19 wolves
  46 ogres
  22 centaurs
  A swamp dragon skeleton (Coc:6)
  A manticore skeleton (Coc:7)
  An elf zombie (Crypt:1)
  19 big kobolds
  4 human skeletons
  A gnoll sergeant (D:7)
  Blork the orc (D:4)
  27 bullfrogs
  2 cane toad simulacra (Hell)
  An earth elemental (Elf:1)
  A wyvern skeleton (D:14)
  A scorpion (D:5)
  Dowan (D:6)
  27 killer bees
  An elf simulacrum (Vaults:5)
  63 wights
  A troll skeleton (Tar:3)
  A troll zombie (Dis:1)
  A spriggan skeleton (Geh:7)
  5 electric eels
  8 howler monkeys
  7 crimson imps
  5 lava snakes
  37 orc priests
  3 quasits
  2 bullfrog zombies (D:12)
  5 jellies
  4 hounds
  A bullfrog skeleton (D:6)
  9 centaur skeletons
  33 orc wizards
  4 iguanas
  25 iron imps
  Jessica (D:2)
  11 worker ants
  5 hell rats (Lair:5)
  A killer bee zombie (D:8)
  A tengu zombie (Coc:6)
  2 hound zombies
  A tengu skeleton (Crypt:1)
  A hound skeleton (D:11)
  17 mummies
  11 gnolls
  A howler monkey skeleton (D:5)
  10 adders
  25 shadow imps
  31 white imps
  An ooze (shapeshifter) (Depths:1)
  2 adder skeletons
  3 adder zombies
  4 worms
  A barachi zombie (Crypt:2)
  5 leopard geckos
  122 orcs
  A ball python (D:3)
  A bat zombie (Crypt:1)
  7 giant cockroaches
  13 goblins
  6 hobgoblins
  19 jackals
  33 kobolds
  7 quokkas
  A ball python zombie (Crypt:2)
  18 bats
  3 frilled lizards
  6 kobold skeletons (D:8)
  13 kobold zombies
  A leopard gecko skeleton (Crypt:2)
  An orc skeleton (Crypt:3)
  2 orc zombies
  3 rats
  A river rat skeleton (Crypt:2)
  83 blocks of ice
  3 bushes
  3 crawling corpses (Elf:3)
  31 fire vortices
  A lurking horror (Abyss:3)
  2 starspawn tentacles (Abyss:3)
4688 creatures vanquished.

Vanquished Creatures (collateral kills)
  A royal mummy (Tomb:1)
  An Ice Fiend (Coc:7)
  A frost giant (Coc:7)
  2 reapers
  An ice dragon (Coc:7)
  4 skeletal warriors
  A shadow dragon zombie (Dis:1)
  A frost giant zombie (Tomb:1)
  A fire giant zombie (Tar:7)
  A tormentor (Coc:3)
  A demonic crawler (Pan)
  2 ice devils
  A flying skull (Geh:3)
  An ice dragon skeleton (Coc:3)
  An ice beast (Coc:7)
  A snapping turtle skeleton (Coc:6)
  A wight (Dis:2)
  A white imp (Coc:3)
  3 blocks of ice
26 creatures vanquished.

Vanquished Creatures (others)
  A hydra (Swamp:4)
  An ice dragon (Coc:7)
  A hell hog (Geh:1)
  2 lindwurms (Swamp:4)
  A swamp dragon (Swamp:4)
  2 steam dragons (Swamp:4)
  A hell hound (Dis:1)
  2 swamp drakes (Swamp:4)
  An orc warrior (Vaults:1)
  An iron imp (Dis:7)
  1418 blocks of ice
  144 fire vortices
  73 fungi
  170 plants
  27 withered plants
1845 creatures vanquished.

Grand Total: 6559 creatures vanquished

Notes
Turn   | Place    | Note
-------+----------+-------------------------------------------
     0 | D:1      | Kejsarherre the Octopode Conjurer began the quest for the
                  | Orb.
     0 | D:1      | Reached XP level 1. HP: 11/11 MP: 3/3
   196 | D:1      | Reached XP level 2. HP: 17/17 MP: 0/5
   557 | D:1      | Reached XP level 3. HP: 21/21 MP: 2/6
   711 | D:1      | Learned a level 2 spell: Searing Ray
  1501 | D:2      | Noticed Jessica
  1505 | D:2      | Killed Jessica
  1506 | D:2      | Reached XP level 4. HP: 27/27 MP: 3/8
  1553 | D:2      | Found a shimmering altar of Xom.
  1554 | D:2      | Found a hazy altar of Hepliaklqana.
  1555 | D:2      | Noticed a spectral ugly thing
  1653 | D:2      | Reached skill level 5 in Conjurations
  1989 | D:2      | Found a burning altar of Makhleb.
  2000 | D:2      | Found a radiant altar of Vehumet.
  2115 | D:2      | Became a worshipper of Vehumet
  2436 | D:3      | Reached XP level 5. HP: 26/31 MP: 5/10
  2827 | D:3      | Found an iron altar of Okawaru.
  2830 | D:3      | Found a sacrificial altar of Ru.
  2833 | D:3      | Found a bloodstained altar of Trog.
  3674 | D:4      | Noticed an ogre
  3677 | D:4      | Killed an ogre
  3678 | D:4      | Reached XP level 6. HP: 36/36 MP: 6/12
  4149 | D:4      | Reached * piety under Vehumet
  4149 | D:4      | Offered knowledge of Foxfire by Vehumet.
  4459 | D:4      | Reached skill level 5 in Spellcasting
  4459 | D:4      | Reached XP level 7. HP: 41/41 MP: 7/14
  4518 | D:4      | Noticed Blork the orc
  4526 | D:4      | Killed Blork the orc
  4888 | D:4      | Found a basalt altar of Yredelemnul.
  4948 | D:4      | Found Weynunu's Book Emporium.
  5348 | D:5      | Entered Level 5 of the Dungeon
  5372 | D:5      | Found a broken altar of Ashenzari.
  5494 | D:5      | Found a transporter.
  5540 | D:5      | Found a transporter.
  5749 | D:5      | Found a staircase to the Ecumenical Temple.
  5796 | D:5      | Reached XP level 8. HP: 46/46 MP: 8/17
  6115 | D:5      | Offered knowledge of Sandblast by Vehumet.
  6258 | D:5      | Reached ** piety under Vehumet
  6520 | D:5      | Learned a level 4 spell: Iskenderun's Mystic Blast
  6688 | D:6      | Reached skill level 1 in Translocations
  7038 | D:6      | Offered knowledge of Conjure Flame by Vehumet.
  7039 | D:6      | Reached XP level 9. HP: 10/51 MP: 3/19
  7453 | D:6      | Learned a level 4 spell: Hailstorm
  7552 | D:6      | Reached skill level 1 in Ice Magic
  7552 | D:6      | Noticed Duvessa
  7558 | D:6      | Noticed Dowan
  7571 | D:6      | Killed Dowan
  7573 | D:6      | Killed Duvessa
  7826 | D:7      | Found Xaivaeh's Weapon Shop.
  7891 | D:7      | Reached *** piety under Vehumet
  8461 | D:7      | Offered knowledge of Mephitic Cloud by Vehumet.
  8709 | D:7      | Got a fading hand crossbow
  8710 | D:7      | Identified the cursed +0 hand crossbow of Equivalence
                  | {flame, *Corrode Str+4 Dex+6 Stlth+} (You found it on level
                  | 7 of the Dungeon)
  9072 | D:7      | Reached skill level 5 in Ice Magic
  9287 | D:8      | Reached **** piety under Vehumet
  9288 | D:8      | Reached skill level 1 in Fighting
  9288 | D:8      | Reached XP level 10. HP: 59/59 MP: 22/22
  9355 | D:8      | Found an ancient bone altar of Kikubaaqudgha.
  9355 | D:8      | Noticed a kobold demonologist
  9357 | D:8      | Offered knowledge of Fireball by Vehumet.
  9369 | D:8      | Killed a kobold demonologist
  9752 | D:8      | Found a runed translucent gate.
  9752 | D:8      | Found a runed translucent gate.
  9752 | D:8      | Found a runed translucent gate.
  9754 | D:8      | Identified the +8 whip "Iprir" {chaos, Int+7 Dex+5 Stlth+}
  9754 | D:8      | Noticed jeanjacques's ghost (novice DDDe)
  9764 | D:8      | Reached skill level 10 in Conjurations
  9896 | D:8      | Found a white marble altar of Elyvilon.
 10001 | D:8      | Learned a level 5 spell: Fireball
 10068 | D:9      | Reached skill level 1 in Fire Magic
 10322 | D:9      | Found a bloodstained altar of Trog.
 10530 | D:9      | Found a stormy altar of Qazlal.
 10530 | D:9      | Found an ornate altar of the Wu Jian Council.
 10581 | D:9      | Found a white marble altar of Elyvilon.
 10663 | D:9      | Found a sparkling altar of Nemelex Xobeh.
 10746 | D:9      | Reached ***** piety under Vehumet
 11032 | D:10     | Entered Level 10 of the Dungeon
 11032 | D:10     | Noticed an unseen horror
 11037 | D:10     | Killed an unseen horror
 11038 | D:10     | Reached skill level 5 in Fighting
 11076 | D:10     | Noticed an unseen horror
 11080 | D:10     | Reached XP level 11. HP: 64/72 MP: 24/24
 11192 | D:10     | Offered knowledge of Airstrike by Vehumet.
 11198 | D:10     | Learned a level 4 spell: Airstrike
 11297 | D:10     | Found a staircase to the Orcish Mines.
 11379 | D:10     | Found a roughly hewn altar of Beogh.
 11439 | D:10     | Killed an unseen horror
 11440 | D:10     | Reached skill level 1 in Air Magic
 11560 | D:10     | Found Syaq's Weapon Shoppe.
 11725 | D:10     | Found Tyluwosh's Weapon Shoppe.
 11815 | D:10     | Found Beddak's Antique Armour Boutique.
 12053 | D:10     | Found Amiesuno's General Store.
 12061 | D:10     | Bought a scroll of identify for 26 gold pieces
 12061 | D:10     | Bought a scroll of identify for 26 gold pieces
 12078 | D:10     | Noticed a two-headed ogre
 12084 | D:10     | Killed a two-headed ogre
 12600 | D:8      | Killed jeanjacques's ghost
 12601 | D:8      | Reached skill level 10 in Spellcasting
 12718 | D:11     | Noticed a cyclops
 12718 | D:11     | Noticed a two-headed ogre
 12729 | D:11     | Killed a cyclops
 12730 | D:11     | Killed a two-headed ogre
 12734 | D:11     | Noticed Fannar
 13123 | D:11     | Noticed a cyan ugly thing
 13258 | D:11     | Killed Fannar
 13259 | D:11     | Reached skill level 5 in Air Magic
 13627 | D:11     | Found a staircase to the Lair.
 13691 | D:11     | Killed a cyan ugly thing
 13692 | D:11     | Reached XP level 12. HP: 84/85 MP: 26/26
 14252 | D:11     | Learned a level 2 spell: Blink
 14451 | D:12     | Reached skill level 10 in Fighting
 14521 | D:12     | Offered knowledge of Ozocubu's Refrigeration by Vehumet.
 14524 | D:12     | Found a frozen archway.
 14547 | D:12     | Learned a level 6 spell: Ozocubu's Refrigeration
 14551 | IceCv    | Entered an ice cave
 15034 | IceCv    | Noticed a frost giant
 15046 | IceCv    | Killed a frost giant
 15290 | IceCv    | Found the +8 glaive of the Guard {elec, spectral, AC+5}
 15699 | IceCv    | Reached skill level 10 in Ice Magic
 16348 | D:12     | Reached XP level 13. HP: 42/92 MP: 24/27
 16554 | D:12     | Found Ejourr's Assorted Antiques.
 16559 | D:12     | Bought a scroll of identify for 64 gold pieces
 17232 | D:13     | Found a gate to the Vaults.
 17232 | D:13     | Noticed Rupert
 17232 | D:13     | Noticed Azrael
 17234 | D:13     | Reached ****** piety under Vehumet
 17234 | D:13     | Killed Azrael
 17236 | D:13     | Killed Rupert
 17666 | D:13     | Reached skill level 1 in Shields
 18074 | D:13     | Offered knowledge of Starburst by Vehumet.
 18324 | D:13     | Reached XP level 14. HP: 84/99 MP: 28/28
 18600 | D:14     | Noticed Louise
 18649 | D:14     | Cast into level 2 of the Abyss (Louise)
 18649 | Abyss:2  | Found an opulent altar of Gozag.
 18653 | Abyss:2  | Got an ancient pewter amulet
 18660 | D:14     | Escaped the Abyss
 18661 | D:14     | Killed Louise
 19292 | D:14     | Reached skill level 15 in Ice Magic
 19626 | D:14     | Noticed Josephine
 19630 | D:14     | Killed Josephine
 19694 | D:14     | Identified the amulet "Fexilay" {Reflect Will++ Str+2 SH+5}
                  | (You found it on level 2 of the Abyss)
 19927 | D:15     | Entered Level 15 of the Dungeon
 20265 | D:15     | Found a staircase to the Depths.
 20623 | D:15     | Found a shadowy altar of Dithmenos.
 21051 | D:15     | Found Can Eruw's Antique Weapon Shop.
 21376 | D:15     | Reached XP level 15. HP: 102/103 MP: 4/30
 22147 | Orc:1    | Entered Level 1 of the Orcish Mines
 22158 | Orc:1    | Found a flagged portal.
 22199 | Bailey   | Entered a bailey
 22463 | Orc:1    | Offered knowledge of Lightning Bolt by Vehumet.
 22865 | Orc:2    | Entered Level 2 of the Orcish Mines
 22865 | Orc:2    | Found a staircase to the Elven Halls.
 22871 | Orc:2    | Noticed an orc warlord
 22876 | Orc:2    | Killed an orc warlord
 22992 | Orc:2    | Found a dark tunnel.
 23009 | Volcano  | Entered a volcano
 23160 | Volcano  | Found a radiant altar of Vehumet.
 23162 | Volcano  | Offered knowledge of Conjure Ball Lightning by Vehumet.
 23739 | Orc:2    | Found Roneotom's Weapon Boutique.
 23741 | Orc:2    | Noticed Nessos
 23811 | Orc:2    | Killed Nessos
 23812 | Orc:2    | Reached skill level 1 in Evocations
 24387 | Orc:2    | Found Nueten's Jewellery Shop.
 24387 | Orc:2    | Found Tohof's Distillery.
 24387 | Orc:2    | Found Ocluenac's Book Shop.
 24392 | Orc:2    | Found Sonuj's Antique Armour Boutique.
 24427 | Orc:2    | Bought a potion of heal wounds for 65 gold pieces
 24427 | Orc:2    | Bought a potion of mutation for 104 gold pieces
 24427 | Orc:2    | Bought a potion of lignification for 39 gold pieces
 24430 | Orc:2    | Bought a manual of Spellcasting for 1324 gold pieces
 24572 | Orc:1    | Found Xetz's Gadget Shop.
 24787 | Lair:1   | Entered Level 1 of the Lair of Beasts
 25568 | Lair:2   | Offered knowledge of Iron Shot by Vehumet.
 25569 | Lair:2   | Reached XP level 16. HP: 91/110 MP: 33/33
 25653 | Lair:2   | Found a hole to the Spider Nest.
 26042 | Lair:2   | Found a runed translucent door.
 26044 | Lair:2   | Noticed nano's ghost (journeyman SpVM)
 26044 | Lair:2   | Identified the cursed +0 spear "Hirothreps" {holy, rPois
                  | rF+ rC++}
 26652 | Lair:3   | Reached XP level 17. HP: 116/116 MP: 35/35
 26704 | Lair:3   | Learned a level 6 spell: Iron Shot
 26943 | Lair:3   | Reached skill level 1 in Earth Magic
 27874 | Lair:4   | Found a staircase to the Swamp.
 27882 | Lair:4   | Offered knowledge of Chain Lightning by Vehumet.
 28636 | Lair:5   | Reached skill level 15 in Spellcasting
 28792 | Lair:5   | Reached skill level 5 in Earth Magic
 29121 | Lair:5   | You fall into a shaft and drop 1 floor!
 29121 | Lair:6   | Entered Level 6 of the Lair of Beasts
 29218 | Lair:5   | Identified Sif Muna's Volume of Creation and Ice
 29499 | Lair:6   | Offered knowledge of Lehudib's Crystal Spear by Vehumet.
 29499 | Lair:6   | Offered knowledge of Shatter by Vehumet.
 29499 | Lair:6   | Offered knowledge of Absolute Zero by Vehumet.
 29586 | Lair:6   | Learned a level 9 spell: Absolute Zero
 29776 | Lair:6   | Got a crude copper amulet
 29781 | Lair:6   | Identified the amulet "Kuxkaxiu" {Spirit +Inv rC+ Dex-3}
                  | (You found it on level 6 of the Lair of Beasts)
 30179 | Lair:6   | Found a staircase to the Slime Pits.
 30481 | Lair:6   | Found an ornate altar of the Wu Jian Council.
 30775 | Lair:6   | Gained mutation: You are strong-willed. (Will+) [potion of
                  | mutation]
 30775 | Lair:6   | Gained mutation: Your spells are a little easier to cast,
                  | but a little less powerful. [potion of mutation]
 30775 | Lair:6   | Gained mutation: You passively map a small area around you.
                  | [potion of mutation]
 30776 | Lair:6   | Lost mutation: You are strong-willed. (Will+) [potion of
                  | mutation]
 30776 | Lair:6   | Lost mutation: Your spells are a little easier to cast, but
                  | a little less powerful. [potion of mutation]
 30776 | Lair:6   | Lost mutation: You passively map a small area around you.
                  | [potion of mutation]
 30776 | Lair:6   | Gained mutation: You are partially covered in iridescent
                  | scales. (AC +2) [potion of mutation]
 30776 | Lair:6   | Gained mutation: You are weak. (Str -2) [potion of
                  | mutation]
 30776 | Lair:6   | Gained mutation: Your system is resistant to poisons.
                  | (rPois) [potion of mutation]
 30837 | Swamp:1  | Entered Level 1 of the Swamp
 30980 | Swamp:1  | Noticed Frances
 30981 | Swamp:1  | Killed Frances
 30986 | Swamp:1  | Reached XP level 18. HP: 122/122 MP: 32/38
 32013 | Swamp:2  | Noticed Roxanne
 32118 | Swamp:2  | Killed Roxanne
 32139 | Swamp:2  | Learned a level 6 spell: Statue Form
 32141 | Swamp:2  | You fall into a shaft and drop 1 floor!
 32971 | Swamp:3  | Reached skill level 1 in Transmutations
 33391 | Swamp:4  | Entered Level 4 of the Swamp
 33897 | Swamp:4  | Learned a level 1 spell: Apportation
 33898 | Swamp:4  | Got a decaying rune of Zot
 34487 | Spider:1 | Entered Level 1 of the Spider Nest
 34498 | Spider:1 | Upgraded the game from 0.26.0-18-gc5c842f807 to
                  | 0.26.0-20-g3ca415f5b8
 35077 | Spider:1 | Reached skill level 5 in Transmutations
 35484 | Spider:2 | Noticed Jorgrun
 35486 | Spider:2 | Killed Jorgrun
 35494 | Spider:2 | Reached XP level 19. HP: 115/127 MP: 39/39
 36555 | Spider:3 | Reached skill level 10 in Earth Magic
 37433 | Spider:4 | Entered Level 4 of the Spider Nest
 37506 | Spider:4 | Reached skill level 10 in Transmutations
 38685 | Spider:4 | Got a gossamer rune of Zot
 38932 | Vaults:1 | Entered Level 1 of the Vaults
 38935 | Vaults:1 | Found a huge runed gate.
 38935 | Vaults:1 | Found a huge runed gate.
 38935 | Vaults:1 | Found a huge runed gate.
 38935 | Vaults:1 | Found a huge runed gate.
 38935 | Vaults:1 | Found a huge runed gate.
 38935 | Vaults:1 | Found a huge runed gate.
 38936 | Vaults:1 | Found a huge runed gate.
 38936 | Vaults:1 | Found a huge runed gate.
 38936 | Vaults:1 | Found a huge runed gate.
 38936 | Vaults:1 | Found a huge runed gate.
 38945 | Vaults:1 | Found a huge runed gate.
 38945 | Vaults:1 | Found a huge runed gate.
 38945 | Vaults:1 | Found a huge runed gate.
 38945 | Vaults:1 | Found a huge runed gate.
 38945 | Vaults:1 | Found a huge runed gate.
 38945 | Vaults:1 | Found a huge runed gate.
 38945 | Vaults:1 | Found a huge runed gate.
 38946 | Vaults:1 | Found a huge runed gate.
 38947 | Vaults:1 | Found a huge runed gate.
 38955 | Vaults:1 | Found a huge runed gate.
 38955 | Vaults:1 | Found a huge runed gate.
 38955 | Vaults:1 | Found a huge runed gate.
 38955 | Vaults:1 | Found a huge runed gate.
 38955 | Vaults:1 | Found a huge runed gate.
 38955 | Vaults:1 | Found a huge runed gate.
 38955 | Vaults:1 | Found a huge runed gate.
 38976 | Vaults:1 | Reached XP level 20. HP: 96/134 MP: 41/41
 39924 | Vaults:1 | Found a huge runed gate.
 39925 | Vaults:1 | Found a huge runed gate.
 39934 | Vaults:1 | Found a huge runed gate.
 39934 | Vaults:1 | Found a huge runed gate.
 39934 | Vaults:1 | Found a huge runed gate.
 39934 | Vaults:1 | Found a huge runed gate.
 39934 | Vaults:1 | Found a huge runed gate.
 39936 | Vaults:1 | Found a huge runed gate.
 39937 | Vaults:1 | Found a huge runed gate.
 39938 | Vaults:1 | Found a huge runed gate.
 40500 | Vaults:1 | Found Xovaazeng's Antique Armour Shop.
 40693 | Vaults:2 | Noticed Mennas
 40695 | Vaults:2 | Killed Mennas
 41464 | Vaults:2 | Found a staircase to the Crypt.
 41464 | Vaults:2 | Found a basalt altar of Yredelemnul.
 41465 | Vaults:2 | Found an ancient bone altar of Kikubaaqudgha.
 42429 | Vaults:3 | Reached XP level 21. HP: 150/150 MP: 42/42
 42652 | Vaults:3 | Reached skill level 15 in Fighting
 42656 | Vaults:3 | Reached skill level 5 in Stealth
 44493 | Vaults:4 | Reached skill level 10 in Stealth
 44697 | Vaults:4 | Noticed Saint Roka
 44702 | Vaults:4 | Killed Saint Roka
 45208 | Vaults:4 | Noticed Boris
 45216 | Vaults:4 | Killed Boris
 45217 | Vaults:4 | Reached XP level 22. HP: 162/162 MP: 43/43
 45822 | Vaults:4 | Found a portal to a secret trove of treasure.
 46334 | Depths:1 | Entered Level 1 of the Depths
 47044 | Depths:1 | Reached skill level 15 in Stealth
 47149 | Depths:1 | Found a gateway to Hell.
 47160 | Depths:1 | Found Awkuowk's Antique Weapon Shop.
 47556 | Depths:1 | Noticed a caustic shrike
 47559 | Depths:1 | Killed a caustic shrike
 47559 | Depths:1 | Noticed a caustic shrike
 47560 | Depths:1 | Noticed a caustic shrike
 47561 | Depths:1 | Killed a caustic shrike
 47563 | Depths:1 | Killed a caustic shrike
 47843 | Depths:1 | Got an ancient rapier
 47844 | Depths:1 | Identified the +7 rapier "Uriygoju" {vorpal, Str+7 Dex-2
                  | Stlth-} (You found it on level 1 of the Depths)
 48214 | D:4      | Bought a book of Annihilations for 1214 gold pieces
 48224 | D:4      | Learned a level 9 spell: Fire Storm
 48562 | Depths:2 | Found a corrupted altar of Lugonu.
 48562 | Depths:2 | Found a one-way gate to the infinite horrors of the Abyss.
 48573 | Depths:2 | Noticed Sojobo
 48577 | Depths:2 | Killed Sojobo
 48649 | Depths:2 | Noticed Aizul
 48651 | Depths:2 | Killed Aizul
 48710 | Depths:2 | Reached XP level 23. HP: 172/172 MP: 44/44
 48908 | Depths:2 | Found a gateway to a ziggurat.
 50302 | Depths:3 | Found a one-way gate leading to the halls of Pandemonium.
 50349 | Depths:3 | Noticed Xtahua
 50351 | Depths:3 | Killed Xtahua
 50352 | Depths:3 | Reached skill level 5 in Fire Magic
 50357 | Depths:3 | Noticed a juggernaut
 50361 | Depths:3 | Killed a juggernaut
 52492 | Depths:4 | Reached XP level 24. HP: 180/180 MP: 44/44
 52626 | Depths:4 | Reached skill level 5 in Shields
 52961 | Depths:4 | Found a runed translucent door.
 53193 | Depths:4 | Noticed FreshCat's ghost (adept MiFi)
 53199 | Depths:4 | Killed FreshCat's ghost
 53236 | Depths:5 | Entered Level 5 of the Depths
 53517 | Depths:5 | Reached skill level 10 in Shields
 53825 | Depths:5 | Noticed a caustic shrike
 53825 | Depths:5 | Noticed a caustic shrike
 53827 | Depths:5 | Noticed a caustic shrike
 53827 | Depths:5 | Noticed a caustic shrike
 53830 | Depths:5 | Killed a caustic shrike
 53831 | Depths:5 | Killed a caustic shrike
 53833 | Depths:5 | Killed a caustic shrike
 53834 | Depths:5 | Killed a caustic shrike
 54159 | Depths:5 | Found a gate to the Realm of Zot.
 54205 | Depths:5 | Noticed Boris
 54206 | Depths:5 | Killed Boris
 54575 | Depths:5 | Reached XP level 25. HP: 186/186 MP: 44/44
 55304 | Vaults:5 | Entered Level 5 of the Vaults
 55314 | Vaults:5 | Reached skill level 15 in Shields
 55341 | Vaults:5 | Identified a scroll of acquirement
 55592 | Vaults:5 | Identified the cursed +2 halberd of Wigoup {holy, Str+3}
 55645 | Vaults:5 | Acquired an uncursed staff of conjuration
 55671 | Vaults:5 | Identified the +2 robe of Insecurity {Rampage rPois Dex-2}
 55692 | Vaults:5 | Noticed an ancient lich
 55695 | Vaults:5 | Killed an ancient lich
 55734 | Vaults:5 | Got a silver rune of Zot
 55834 | Vaults:5 | Noticed an ancient lich
 55836 | Vaults:5 | Killed an ancient lich
 55855 | Vaults:5 | Reached XP level 26. HP: 193/193 MP: 45/45
 56044 | Vaults:5 | Identified the +10 flail "Vilam" {vamp, Will+ Str+8 Dex-2
                  | Stlth-}
 57023 | Vaults:5 | Identified the Tome of the Glacier and Evil Rites
 57887 | Orc:2    | Bought a Necronomicon for 1324 gold pieces
 58053 | Slime:1  | Entered Level 1 of the Pits of Slime
 58540 | Slime:2  | Gained mutation: You are very weak. (Str -4) [a shining
                  | eye]
 58603 | Slime:1  | Gained mutation: You do not regenerate when monsters are
                  | visible. [a shining eye]
 59049 | Slime:5  | Entered Level 5 of the Pits of Slime
 59206 | Slime:5  | Found a viscous altar of Jiyva.
 59207 | Slime:5  | Gained mutation: You have a pair of small antennae on your
                  | head. [a shining eye]
 59208 | Slime:5  | Gained mutation: You are frail. (-10% HP) [a shining eye]
 59209 | Slime:5  | Noticed the Royal Jelly
 59216 | Slime:5  | Killed the Royal Jelly
 59577 | Slime:5  | Got a scorched bone ring
 59578 | Slime:5  | Identified the ring of Eqoixos {rC++ Will+ MP+9 Str+6 SInv
                  | Stlth+} (You found it on level 5 of the Pits of Slime)
 59604 | Slime:5  | Got a steaming bronze ring
 59605 | Slime:5  | Identified the ring "Zaorhu" {+Inv EV+4 Stlth+} (You found
                  | it on level 5 of the Pits of Slime)
 59615 | Slime:5  | Got an iridescent flail
 59616 | Slime:5  | Identified the cursed +0 flail of the Abyss {vorpal, rF+
                  | rC+ Int+3} (You found it on level 5 of the Pits of Slime)
 59632 | Slime:5  | Identified the Reference Book on Unstable Enchantment
 59636 | Slime:5  | Identified Wulyf's Compendium of Flight and Malediction
 59665 | Slime:5  | Got a slimy rune of Zot
 59867 | Elf:1    | Entered Level 1 of the Elven Halls
 60116 | Elf:1    | Reached XP level 27. HP: 186/186 MP: 46/46
 60128 | Elf:1    | Identified Sif Muna's Guide on Companions
 60764 | Elf:2    | Found Xientet's One-of-a-Kind Books.
 61095 | Elf:2    | Found a runed translucent gate.
 61095 | Elf:2    | Found a runed translucent gate.
 61095 | Elf:2    | Found a runed translucent gate.
 62028 | Elf:2    | Lost mutation: You are frail. (-10% HP) [potion of
                  | mutation]
 62028 | Elf:2    | Lost mutation: You are very weak. (Str -4) [potion of
                  | mutation]
 62028 | Elf:2    | Lost mutation: You have a pair of small antennae on your
                  | head. [potion of mutation]
 62028 | Elf:2    | Lost mutation: You are partially covered in iridescent
                  | scales. (AC +2) [potion of mutation]
 62028 | Elf:2    | Gained mutation: You have a beak for a mouth. [potion of
                  | mutation]
 62028 | Elf:2    | Gained mutation: One of your tentacles bears a spike.
                  | [potion of mutation]
 62029 | Elf:2    | Lost mutation: One of your tentacles bears a spike. [potion
                  | of mutation]
 62029 | Elf:2    | Lost mutation: You are weak. (Str -2) [potion of mutation]
 62029 | Elf:2    | Gained mutation: You have a pair of small antennae on your
                  | head. [potion of mutation]
 62029 | Elf:2    | Gained mutation: Your magical capacity is low. (-10% MP)
                  | [potion of mutation]
 62029 | Elf:2    | Gained mutation: You are agile. (Dex +2) [potion of
                  | mutation]
 62029 | Elf:2    | Gained mutation: You are partially covered in large bone
                  | plates. (SH +4) [potion of mutation]
 62030 | Elf:2    | Lost mutation: You are agile. (Dex +2) [potion of mutation]
 62030 | Elf:2    | Lost mutation: Your magical capacity is low. (-10% MP)
                  | [potion of mutation]
 62030 | Elf:2    | Lost mutation: You do not regenerate when monsters are
                  | visible. [potion of mutation]
 62030 | Elf:2    | Gained mutation: You are resistant to electric shocks.
                  | (rElec) [potion of mutation]
 62030 | Elf:2    | Gained mutation: Your natural rate of healing is unusually
                  | fast. [potion of mutation]
 62453 | Elf:3    | Entered Level 3 of the Elven Halls
 62668 | Elf:3    | Identified the cursed +0 chain mail "Wudwucko" {Harm
                  | Regen+}
 62712 | Elf:3    | Identified the +0 leather armour "Reidd" {rPois}
 62713 | Elf:3    | Identified the +3 leather armour of Hairiness {-Cast Harm
                  | +Inv MP+9}
 62720 | Elf:3    | Identified the +9 double sword of Demonic Valour {protect,
                  | Will+ Dex+2}
 62725 | Elf:3    | Identified the +0 tower shield of Nonum {rF+++ rN++ Str-3}
 62773 | Elf:3    | Got a glimmering dire flail
 62774 | Elf:3    | Identified the +4 dire flail of Werid {vorpal, Dex+2
                  | Stlth+} (You found it on level 3 of the Elven Halls)
 62778 | Elf:3    | Got an ivory war axe
 62779 | Elf:3    | Identified the cursed +0 war axe "Bung" {distort, *Slow rC-
                  | rN++ Str+3} (You found it on level 3 of the Elven Halls)
 62813 | Elf:3    | Got a shimmering rapier
 62814 | Elf:3    | Identified the +6 rapier "Xitea" {venom, +Fly rC+ Int+3
                  | Dex-4} (You found it on level 3 of the Elven Halls)
 63492 | Crypt:1  | Entered Level 1 of the Crypt
 64365 | Crypt:1  | Acquired the amulet of the Invisible Hand {RegenMP rN+
                  | Will+ Int-2}
 64825 | Crypt:2  | Noticed Donald
 64826 | Crypt:2  | Killed Donald
 64872 | Crypt:2  | Noticed Mara
 64873 | Crypt:2  | Killed Mara
 64985 | Crypt:2  | Noticed Frederick
 64988 | Crypt:2  | Killed Frederick
 65472 | Crypt:3  | Entered Level 3 of the Crypt
 65575 | Crypt:3  | Learned a level 5 spell: Bolt of Magma
 65783 | Crypt:3  | Got a transparent gossamer ring
 65784 | Crypt:3  | Identified the cursed ring "Pucaom" {rElec rF+ EV-4} (You
                  | found it on level 3 of the Crypt)
 65845 | Crypt:3  | Got an ancient broad axe
 65846 | Crypt:3  | Identified the +8 broad axe "Vozypn" {vamp, *Noise rPois
                  | rF++ rC+} (You found it on level 3 of the Crypt)
 66161 | Crypt:3  | Found a staircase to the Tomb.
 66162 | Crypt:3  | Noticed an ancient lich
 66163 | Crypt:3  | Killed an ancient lich
 66164 | Crypt:3  | Identified the +6 war axe "Sasid" {speed, MP+9 Str+3}
 66164 | Crypt:3  | Noticed Boris
 66165 | Crypt:3  | Killed Boris
 66318 | Crypt:3  | Noticed an ancient lich
 66319 | Crypt:3  | Killed an ancient lich
 67387 | Zot:1    | Entered Level 1 of the Realm of Zot
 68875 | Zot:3    | You fall into a shaft and drop 1 floor!
 69038 | Zot:3    | You fall into a shaft and drop 1 floor!
 69318 | Zot:3    | Acquired the Guide on Conjuration
 70348 | Zot:4    | Noticed an orb of fire
 70350 | Zot:4    | Killed an orb of fire
 70601 | Zot:5    | Entered Level 5 of the Realm of Zot
 71176 | Zot:5    | Noticed an ancient lich
 71178 | Zot:5    | Killed an ancient lich
 71182 | Zot:5    | Noticed an ancient lich
 71184 | Zot:5    | Killed an ancient lich
 71208 | Zot:5    | Noticed an orb of fire
 71224 | Zot:5    | Noticed an orb of fire
 71224 | Zot:5    | Lost mutation: Your natural rate of healing is unusually
                  | fast. [an orb of fire]
 71225 | Zot:5    | Killed an orb of fire
 71475 | Zot:5    | Noticed an orb of fire
 71475 | Zot:5    | Noticed an orb of fire
 71475 | Zot:5    | Noticed an ancient lich
 71508 | Zot:5    | Killed an orb of fire
 71607 | Zot:5    | Noticed an ancient lich
 71609 | Zot:5    | Killed an ancient lich
 71613 | Zot:5    | Noticed an ancient lich
 71615 | Zot:5    | Killed an ancient lich
 71617 | Zot:5    | Killed an orb of fire
 71663 | Zot:5    | Killed an ancient lich
 71749 | Zot:5    | Noticed an orb of fire
 71753 | Zot:5    | Killed an orb of fire
 71758 | Zot:5    | Killed an orb of fire
 72166 | Hell     | Entered the Vestibule of Hell
 72166 | Hell     | Noticed Geryon
 72176 | Hell     | Killed Geryon
 72630 | Vaults:4 | You paid a toll of the horn of Geryon to enter a treasure
                  | trove
 72631 | Trove    | Entered a treasure trove
 72634 | Trove    | Found the brooch of Shielding {Spirit SH+8}
 72652 | Trove    | Got a warped turquoise ring
 72653 | Trove    | Identified the ring "Ytwuty" {rElec rN+ AC+4 Str+4 Stlth-}
                  | (You found it in a treasure trove)
 72658 | Trove    | Got a crude silver ring
 72659 | Trove    | Identified the ring "Puxiryon" {rC+ Int+3} (You found it in
                  | a treasure trove)
 72669 | Trove    | Got a translucent diamond amulet
 72670 | Trove    | Identified the amulet "Lonoaj" {RegenMP rN+ Will+ Dex+3}
                  | (You found it in a treasure trove)
 72685 | Trove    | Got a warped steel ring
 72686 | Trove    | Identified the ring "Bixo" {Ice rPois Str+5 Int+4} (You
                  | found it in a treasure trove)
 72696 | Trove    | Got a warped bone ring
 72697 | Trove    | Identified the ring of Roto Fat {+Fly rPois rF- Dex+7
                  | Slay+2} (You found it in a treasure trove)
 73031 | Depths:2 | Voluntarily entered the Abyss.
 73169 | Abyss:1  | Gained mutation: You are weak. (Str -2) [a shining eye]
 73501 | Abyss:2  | Found a corrupted altar of Lugonu.
 73758 | Abyss:3  | Got an abyssal rune of Zot
 73766 | Depths:2 | Escaped the Abyss
 73862 | Pan      | Entered Pandemonium
 74151 | Pan      | Found a transporter.
 74343 | Pan      | Found a transporter.
 74357 | Pan      | Got a bound bronze ring
 74358 | Pan      | Identified the ring "Gomex" {rN+ Str+4 Int+4} (You found it
                  | in Pandemonium)
 74373 | Pan      | Got a shimmering ruby amulet
 74374 | Pan      | Identified the amulet "Nupn" {Regen+ Slay+5} (You found it
                  | in Pandemonium)
 74453 | Pan      | Found a huge runed translucent gate.
 74460 | Pan      | Found a huge runed translucent gate.
 74461 | Pan      | Found a huge runed translucent gate.
 74462 | Pan      | Found a huge runed translucent gate.
 74463 | Pan      | Found a huge runed translucent gate.
 74518 | Pan      | Reached skill level 10 in Fire Magic
 74560 | Pan      | Reached skill level 15 in Conjurations
 74666 | Pan      | Entered the realm of Gloorx Vloq.
 75023 | Pan      | Noticed Gloorx Vloq
 75024 | Pan      | Killed Gloorx Vloq
 75043 | Pan      | Got a dark rune of Zot
 75190 | Pan      | Entered the realm of Cerebov.
 75339 | Pan      | Identified the amulet "Ynyrapes" {Regen+ Str+2 SInv}
 75366 | Pan      | Identified the +6 sword of Cerebov {flame}
 75366 | Pan      | Noticed Cerebov
 75367 | Pan      | Killed Cerebov
 75383 | Pan      | Got a translucent platinum ring
 75384 | Pan      | Identified the ring "Isaizip" {+Blink rF+ MP+9} (You found
                  | it in Pandemonium)
 75417 | Pan      | Got a fiery rune of Zot
 75462 | Pan      | Got a sparkling ivory ring
 75463 | Pan      | Identified the ring of Elyvilon's Envy {rElec rPois rC+
                  | Int-4} (You found it in Pandemonium)
 75469 | Pan      | Got a glimmering rapier
 75470 | Pan      | Identified the +5 rapier "Riarurad" {flame, rPois Str+7
                  | Int-4 Dex-4} (You found it in Pandemonium)
 75491 | Pan      | Got a crude dagger
 75492 | Pan      | Identified the +8 dagger of the Sky {flame, Will+ MP+9}
                  | (You found it in Pandemonium)
 75495 | Pan      | Got a wavering amber ring
 75496 | Pan      | Identified the ring of Lomat {rPois Str+5} (You found it in
                  | Pandemonium)
 75603 | Pan      | Entered the realm of Lom Lobon.
 75795 | Pan      | Noticed Lom Lobon
 75796 | Pan      | Killed Lom Lobon
 75818 | Pan      | Got a magical rune of Zot
 76095 | Pan      | Found an exit through the horrors of the Abyss.
 76146 | Pan      | Found an exit through the horrors of the Abyss.
 76151 | Pan      | Entered the realm of Mnoleg.
 76298 | Pan      | Gained mutation: You are strong-willed. (Will+) [a neqoxec]
 76364 | Pan      | Noticed Mnoleg
 76365 | Pan      | Killed Mnoleg
 76366 | Pan      | Reached skill level 15 in Fire Magic
 76383 | Pan      | Got a glowing rune of Zot
 76687 | Pan      | Learned a level 8 spell: Necromutation
 76735 | Pan      | Reached skill level 1 in Necromancy
 77042 | Pan      | Reached skill level 5 in Necromancy
 77194 | Pan      | Found an exit through the horrors of the Abyss.
 77203 | Pan      | Noticed Rurash the pandemonium lord
 77205 | Pan      | Killed Rurash the pandemonium lord
 77540 | Pan      | Noticed a seraph
 77542 | Pan      | Killed a seraph
 77544 | Pan      | Found a glowing golden altar of the Shining One.
 77588 | Pan      | Got a demonic rune of Zot
 77591 | Pan      | Identified the Handbook of the Shifting Arsonist
 77667 | Pan      | Reached skill level 10 in Necromancy
 77680 | Pan      | Found a glowing silver altar of Zin.
 77757 | Depths:3 | Escaped Pandemonium
 77768 | Depths:3 | Learned a level 9 spell: Death's Door
 77853 | Hell     | Found a gateway to the ashen valley of Gehenna.
 77862 | Geh:1    | Entered Level 1 of Gehenna
 78767 | Geh:7    | Entered Level 7 of Gehenna
 79019 | Geh:7    | Reached skill level 15 in Necromancy
 79379 | Geh:7    | Identified the +7 sceptre of Asmodeus
 79379 | Geh:7    | Noticed Asmodeus
 79382 | Geh:7    | Killed Asmodeus
 79445 | Geh:7    | Got an obsidian rune of Zot
 79682 | Hell     | Found a gateway to the decaying netherworld of Tartarus.
 79731 | Tar:1    | Entered Level 1 of Tartarus
 79962 | Tar:2    | You fall into a shaft and drop 1 floor!
 80202 | Tar:3    | You fall into a shaft and drop 3 floors!
 80217 | Tar:7    | Entered Level 7 of Tartarus
 80570 | Tar:7    | Identified Duisoeti's Volume of the Snowflakes and Flight
 81186 | Tar:7    | Reached skill level 5 in Evocations
 81362 | Tar:7    | Noticed Ereshkigal
 81367 | Tar:7    | Killed Ereshkigal
 81390 | Tar:7    | Got a bone rune of Zot
 81680 | Hell     | Found a gateway to the freezing wastes of Cocytus.
 81780 | Coc:1    | Entered Level 1 of Cocytus
 81800 | Coc:1    | Reached skill level 10 in Evocations
 81841 | Hell     | Gained mutation: You are very weak. (Str -4) [mutagenic
                  | glow]
 82333 | Coc:3    | Gained mutation: Your spells are a little easier to cast,
                  | but a little less powerful. [mutagenic glow]
 83046 | Coc:7    | Entered Level 7 of Cocytus
 83766 | Coc:7    | Noticed Antaeus
 83767 | Coc:7    | Killed Antaeus
 83785 | Coc:7    | Got an icy rune of Zot
 83890 | Coc:7    | Identified the Tome of Freezing Contamination
 84070 | Hell     | Found a gateway to the Iron City of Dis.
 84150 | Dis:1    | Entered Level 1 of the Iron City of Dis
 84840 | Dis:7    | Entered Level 7 of the Iron City of Dis
 85054 | Dis:7    | Lost mutation: You are very weak. (Str -4) [potion of
                  | mutation]
 85054 | Dis:7    | Lost mutation: You are partially covered in large bone
                  | plates. (SH +4) [potion of mutation]
 85054 | Dis:7    | Gained mutation: You are highly strong-willed. (Will++)
                  | [potion of mutation]
 85055 | Dis:7    | Lost mutation: You are weak. (Str -2) [potion of mutation]
 85055 | Dis:7    | Lost mutation: Your system is resistant to poisons. (rPois)
                  | [potion of mutation]
 85055 | Dis:7    | Gained mutation: You have a pair of antennae on your head.
                  | [potion of mutation]
 85056 | Dis:7    | Lost mutation: You are highly strong-willed. (Will++)
                  | [potion of mutation]
 85056 | Dis:7    | Lost mutation: You have a pair of antennae on your head.
                  | [potion of mutation]
 85056 | Dis:7    | Lost mutation: Your spells are a little easier to cast, but
                  | a little less powerful. [potion of mutation]
 85056 | Dis:7    | Gained mutation: You passively map a small area around you.
                  | [potion of mutation]
 85056 | Dis:7    | Gained mutation: Your body sometimes deteriorates upon
                  | taking damage. [potion of mutation]
 85056 | Dis:7    | Gained mutation: You are partially covered in rugged brown
                  | scales. (AC +1, +3% HP) [potion of mutation]
 85057 | Dis:7    | Lost mutation: Your body sometimes deteriorates upon taking
                  | damage. [potion of mutation]
 85057 | Dis:7    | Lost mutation: You are strong-willed. (Will+) [potion of
                  | mutation]
 85057 | Dis:7    | Lost mutation: You have a pair of small antennae on your
                  | head. [potion of mutation]
 85057 | Dis:7    | Gained mutation: Your muscles are strong. (Str +2) [potion
                  | of mutation]
 85057 | Dis:7    | Gained mutation: You are partially covered in thin metallic
                  | scales. (AC +2) [potion of mutation]
 85544 | Dis:7    | Noticed the Serpent of Hell
 85546 | Dis:7    | Killed the Serpent of Hell
 85824 | Dis:7    | Identified the +4 staff of Dispater
 85824 | Dis:7    | Noticed Dispater
 85825 | Dis:7    | Killed Dispater
 85829 | Dis:7    | Identified the ring "Litemas" {rPois Stlth-}
 85873 | Dis:7    | Got a smoking pewter ring
 85875 | Dis:7    | Identified the ring of Aklucus {rElec rPois rF- Str+2
                  | Dex+4} (You found it on level 7 of the Iron City of Dis)
 85878 | Dis:7    | Got an iron rune of Zot
 86463 | Tomb:1   | Entered Level 1 of the Tomb of the Ancients
 86592 | Tomb:1   | Noticed a royal mummy
 86597 | Tomb:1   | Killed a royal mummy
 86680 | Tomb:2   | Noticed a royal mummy
 86682 | Tomb:2   | Noticed an ancient lich
 86682 | Tomb:2   | Noticed a royal mummy
 86685 | Tomb:2   | Noticed a royal mummy
 86690 | Tomb:2   | Killed a royal mummy
 86691 | Tomb:2   | HP: 7/220 [iron dragon zombie[a royal mummy] (10)]
 86691 | Tomb:2   | Slain by an iron dragon zombie

Illustrated notes

Levels and vault maps discovered:
D:1:      psy_arrival_basics, layout_basic, serial_bayou_lagoon_a,
          minmay_tetromino_i4
D:2:      layout_basic, amethyst_overflow_temple_binary,
          regret_index_temple_of_mockery, serial_glass, glass_columns_a,
          glass_columns_b, glass_columns_a, glass_columns_b, glass_columns_a,
          glass_columns_a, columned_hall_lemuel, uniq_jessica
D:3:      kennysheep_big_flooded_room, layout_loops_ring,
          grunt_temple_overflow_diamond, roderic_serpentine_path
D:4:      layout_basic, lemuel_doored_altar, serial_shops, shop,
          uniq_blork_the_orc
D:5:      gammafunk_wand_slinger, layout_loops_ring, old_standard_altar,
          minmay_temple_entry_water_ring
D:6:      layout_basic, feat_on_display, uniq_duvessa
D:7:      layout_loops_ring, serial_shops, shop, grunt_ministairs_4,
          minmay_misc_feat_diagonals
D:8:      wander_kiku_kobolds, layout_basic, kennysheep_little_box,
          gammafunk_ghost_nasty_kobolds
D:9:      layout_loops_ring, lemuel_coloured_pillars_altar,
          gammafunk_temple_overflow_wave, hangedman_feature_mirror
D:10:     layout_layer_cave, minmay_orc_entry_temple_small, serial_shops,
          nicolae_shop_crystal, nicolae_shop_statue_plus,
          nicolae_shop_statue_plus, shop, minmay_starry_boxes
D:11:     layout_rooms, erik_lair_orcish_takeover, serial_bayou,
          serial_bayou_pond_e, serial_bayou_pond_c, serial_bayou_pond_d,
          serial_bayou_pond_e, uniq_fannar
D:12:     layout_gridville, portal_ice_cave_entry_imps, serial_shops, shop
D:13:     layout_rooms, david_vaults_3, serial_rivers,
          chequers_serial_rivers_micro_d, chequers_serial_rivers_micro_b,
          chequers_serial_rivers_marsh, chequers_serial_rivers_large_b,
          hangedman_decor_clover_reticule, kennysheep_generic_room_11,
          uniq_azrael, uniq_rupert
D:14:     layout_roguey, infiniplex_staircase_star, kennysheep_two_boxes,
          uniq_louise, uniq_josephine
D:15:     gammafunk_depths_entry_grave, layout_cave_pods, serial_shops,
          nicolae_shop_waterfront, serial_park, serial_park_tiny_1,
          minmay_misc_feat_iff, minivault_11, lemuel_tele_altar
Lair:1:   layout_gridlike
Lair:2:   layout_chaotic_city, spider_nest_entry_webs,
          ebering_ghost_funeral_grove
Lair:3:   layout_cave_pods
Lair:4:   layout_hall_layers, skrybe_swamp_entry_bodies,
          grunt_forest_stairs_clearing, minmay_lair_oklob_chamber,
          infiniplex_staircase_pool
Lair:5:   layout_gridlike, serial_bayou_shore_a
Lair:6:   minmay_lair_end_frog_pond, layout_hall_layers, slime_dummy,
          roderic_batcave, chequers_serial_rivers_small_b, lemuel_centaur_altar
Swamp:1:  layout_falls_marsh, evilmike_swamp_ruin_house_2, swamp_pool4,
          nicolae_swamp_triple_paths, uniq_frances
Swamp:2:  layout_falls_marsh, evilmike_swamp_ruin_house_4, swamp_pool3,
          uniq_roxanne
Swamp:3:  layout_basic_swamp, serial_swamp_ruin, evilmike_swamp_ruin_rubble_2,
          evilmike_swamp_ruin_house_6, swamp_pool4
Swamp:4:  swamp_fiery, layout_basic_swamp, swamp_pool3
Spider:1: layout_spider_delve, drop_trap, einodemon_crawler_minivault
Spider:2: layout_spider_delve, special_room [special_room_bee], uniq_jorgrun
Spider:3: nicolae_spider_mines_1
Spider:4: spider_rune_water, drop_trap, spiders_nest_the_unseen
Slime:1:  layout_caves
Slime:2:  layout_caves
Slime:3:  layout_caves
Slime:4:  layout_caves
Slime:5
Orc:1:    nicolae_orc_accident_3, layout_caves, serial_shops, shop_coins,
          enter_bailey_5
Orc:2:    st_orc_mages, layout_diamond_mine, serial_shops, shop,
          nicolae_volcano_entry_lava_flow, nicolae_orc_lava_tube, uniq_nessos
Elf:1:    layout_loops_ring, minmay_elf_demonology, grunt_megastairs_4
Elf:2:    layout_geoelf_diagonals, minmay_misc_feat_ornament, nicolae_rare_books
Elf:3:    grunt_elf_hall_asides, layout_gridlike
Vaults:1: ontoclasm_vaults_hangar, vaults_room_ringed_pool,
          nicolae_vaults_angled_halls, vaults_room_fancy_cross, v_misc_18,
          v_misc_29, v_misc_18, nicolae_vaults_network_quincunx
          [nicolae_vaults_network_quincunx_subvault,
          nicolae_vaults_network_quincunx_subvault,
          nicolae_vaults_network_quincunx_subvault,
          nicolae_vaults_network_quincunx_subvault,
          nicolae_vaults_network_quincunx_subvault],
          vaults_room_grunt_arrival_checkpoint, vaults_door_vault, v_misc_26,
          layout_vaults_omnibox, serial_shops, shop
Vaults:2: v_rooms_2, minmay_crypt_entry_necro_gods, hangedman_vaults_restitches,
          v_pattern_5, hangedman_vaults_maws, vaults_room_corners,
          hangedman_vaults_river_flow, grunt_vaults_hallway_long,
          nicolae_vaults_rhombus_5, serial_ice_h, ontoclasm_vaults_shuriken,
          ontoclasm_vaults_gateway, vaults_dpeg_diagonal,
          vaults_room_semicircle, layout_vaults_omnicross, uniq_mennas
Vaults:3: vaults_room_grid, v_misc_15, hangedman_vaults_trim,
          vaults_mumra_hexcomb, v_misc_22, v_misc_17,
          ontoclasm_vaults_ring_square, v_alt_pattern_2,
          dpeg_vaults_monster_box, layout_vaults_omnigrid
Vaults:4: ontoclasm_vaults_misaligned, hangedman_vaults_capsules,
          hangedman_vaults_slither, nicolae_vaults_specimen_jars, serial_ice_g,
          vaults_room_pools, v_alt_pattern_3, vaults_mumra_minichess,
          hangedman_vaults_slice, nicolae_vaults_windows_and_doors_thing,
          ontoclasm_vaults_claustrophobia, layout_vaults_maze_bifur,
          nicolae_trove_entry_crystal, uniq_saint_roka, uniq_boris
Vaults:5: serial_shops
Crypt:1:  layout_gridlike
Crypt:2:  hangedman_hall_of_fallen_heroes, layout_misc_corridors, uniq_donald,
          uniq_frederick, uniq_mara
Crypt:3:  quadcrypt_mu
Tomb:1:   uniq_khufu
Tomb:2
Depths:1: minmay_the_grid_triangle_9x9_rhombus_full_mashed
          [minmay_the_grid_triangle_9x9_zippers_vertical,
          minmay_the_grid_triangle_9x9_skeleton,
          minmay_the_grid_triangle_9x9_from_above,
          minmay_the_grid_triangle_9x9_negative_grid,
          minmay_the_grid_triangle_9x9_minimal,
          minmay_the_grid_triangle_9x9_swiss_cheese,
          minmay_the_grid_triangle_9x9_checkered,
          minmay_the_grid_triangle_9x9_prize_top_heavy], layout_basic,
          minmay_misc_feat_alley, serial_shops, shop, hangedman_coc_ice_floe,
          nrook_loot_triangle, kennysheep_generic_room_15, firewood_loft
Depths:2: hourglass_vault, layout_cave_shapes, enter_ziggurat_a,
          abyss_entry_flame_altar, kennysheep_boxes, hell_entry,
          infiniplex_staircase_zigzag_3, uniq_sojobo, uniq_aizul
Depths:3: kb_forest_paths, layout_basic, patterned_corridor, hell_entry,
          pan_entry, uniq_xtahua
Depths:4: minmay_inner_zag, layout_gridville, hell_entry,
          ebering_ghost_reflecting_pool, serial_bayou_pond_c,
          nicolae_abyss_entry_one_way_or_another, minivault_16,
          minmay_fountain_box, small_statue_intersection
Depths:5: evilmike_zot_entry_diamond, layout_honeycomb, minmay_misc_feat_tiny,
          hell_entry, grunt_megastairs_5, serial_bayou_shore_b
Hell
Dis:1:    layout_regular_city
Dis:2:    layout_subdivisions
Dis:3:    layout_chaotic_city
Dis:4:    layout_chaotic_city
Dis:5:    layout_subdivisions
Dis:6:    layout_subdivisions, grunt_megastairs_2
Dis:7:    dis_grunt_layers
Geh:1:    layout_gehenna_pools_triple
Geh:2:    layout_gehenna_lava_caves
Geh:3:    layout_gehenna_pools_triple
Geh:4:    layout_gehenna_lava_caves, door_vault
Geh:5:    layout_gehenna_lava_caves, lemuel_hellish_altar
Geh:6:    layout_gehenna_lava_caves, special_room [special_room_morgue]
Geh:7:    evilmike_geh
Coc:1:    layout_ice_bergs
Coc:2:    layout_ice_bergs
Coc:3:    layout_cocytus_delve, evilmike_ambush [evilmike_ambush_outer_basic,
          evilmike_ambush_inner_cross]
Coc:4:    layout_cocytus_water_paths
Coc:5:    layout_cocytus_water_paths
Coc:6:    layout_ice_bergs
Coc:7:    coc_grunt_cove [coc_grunt_cove_antaeus, coc_grunt_cove_fiend,
          coc_grunt_cove_fiend, coc_grunt_cove_fiend, coc_grunt_cove_fiend]
Tar:1:    layout_cathedral_of_symmetry
Tar:2:    layout_grid_maze, nicolae_tar_cuneiform_heaven,
          nicolae_tar_cuneiform_not
Tar:3:    layout_catacombs
Tar:6:    layout_grid_maze
Tar:7:    tar_mu [tar_mu_maze]
Zot:1:    layout_misc_corridors, hangedman_hellfire_club
Zot:2:    layout_cellular_growth, grunt_megastairs_3
Zot:3:    layout_misc_corridors, lemuel_baited_zot_trap
Zot:4:    layout_onion, st_stairs_13, grunt_megastairs_1
Zot:5:    layout_gridlike, lemuel_golem_globe

Skill      XL: |  1  2  3  4  5  6  7  8  9 10 11 12 13 14 15 16 17 18 19 20 21 22 23 24 25 26 27 |
---------------+----------------------------------------------------------------------------------+-----
Spellcasting   | 3 4 5 6 7 8 9 10 11 13 14 16 17 18 19 25 | 25.0
Conjurations   | 5 6 7 8 9 10 11 14 23 | 23.0
Translocations | 3 |  3.1
Ice Magic      | 5 10 14 16 17 19 20 21 22 | 22.0
Fighting       | 1 5 9 10 14 16 18 19 21 24 | 24.0
Fire Magic     | 3 4 8 21 | 21.0
Air Magic      | 5 |  5.0
Shields        | 3 4 13 15 25 | 25.0
Evocations     | 2 10 | 10.0
Dodging        | 3 6 |  6.5
Earth Magic    | 6 9 10 | 10.0
Transmutations | 6 10 14 | 14.0
Stealth        | 12 16 17 | 17.0
Necromancy     | 22 | 22.0

Action                   |  1- 3 |  4- 6 |  7- 9 | 10-12 | 13-15 | 16-18 | 19-21 | 22-24 | 25-27 || total
-------------------------+-------+-------+-------+-------+-------+-------+-------+-------+-------++-------
Melee: Short sword       |       |     5 |    20 |       |       |       |       |       |       ||    25
       Constrict         |       |     1 |     4 |     5 |    19 |    10 |     8 |     2 |   154 ||   203
       Tentacles         |       |       |     3 |     8 |    20 |    10 |     9 |     9 |   243 ||   302
       Whip              |       |       |       |    28 |   109 |    65 |    52 |    42 |    77 ||   373
       Flail             |       |       |       |       |       |       |       |       |   770 ||   770
       Peck              |       |       |       |       |       |       |       |       |   207 ||   207
 Cast: Magic Dart        |    62 |   101 |   219 |   114 |       |       |       |       |       ||   496
       Searing Ray       |       |     8 |    34 |   119 |    57 |     3 |       |       |       ||   221
       Hailstorm         |       |       |     5 |    21 |       |       |       |       |       ||    26
       Iskenderun's Myst |       |       |     2 |    24 |    15 |     3 |       |       |       ||    44
       Airstrike         |       |       |       |    14 |       |       |       |       |     1 ||    15
       Fireball          |       |       |       |    28 |     5 |       |     3 |     2 |    13 ||    51
       Ozocubu's Refrige |       |       |       |     5 |   202 |   285 |   371 |   270 |   513 ||  1646
       Iron Shot         |       |       |       |       |       |    13 |    15 |       |       ||    28
       Absolute Zero     |       |       |       |       |       |     3 |    16 |    86 |  1497 ||  1602
       Apportation       |       |       |       |       |       |     1 |       |     1 |       ||     2
       Statue Form       |       |       |       |       |       |       |     7 |     9 |    77 ||    93
       Blink             |       |       |       |       |       |       |       |       |     1 ||     1
       Fire Storm        |       |       |       |       |       |       |       |       |    89 ||    89
       Bolt of Magma     |       |       |       |       |       |       |       |       |    39 ||    39
       Necromutation     |       |       |       |       |       |       |       |       |    38 ||    38
Evoke: Wand              |       |       |       |       |     5 |     4 |       |       |     2 ||    11
  Use: Scroll            |       |     7 |     7 |     8 |     5 |     6 |     1 |     5 |    50 ||    89
       Potion            |       |     4 |       |       |     2 |     3 |     1 |       |     9 ||    19
 Stab: Paralysed         |       |       |       |     1 |       |       |       |       |       ||     1
       Sleeping          |       |       |       |       |     4 |     1 |       |     2 |    12 ||    19
       Distracted        |       |       |       |       |       |       |       |       |     2 ||     2
Armor: Skin              |       |     3 |     6 |     4 |       |     6 |    26 |     2 |   247 ||   294
Dodge: Dodged            |     4 |    21 |    37 |   146 |   134 |    87 |    84 |    19 |   319 ||   851
Block: Other             |       |       |     7 |     5 |       |       |       |       |       ||    12
       Reflection        |       |       |       |     2 |     4 |     1 |    15 |    12 |    22 ||    56
       Buckler           |       |       |       |       |    54 |    60 |    69 |    31 |    10 ||   224
       Kite shield       |       |       |       |       |       |       |       |       |   216 ||   216
       Tower shield      |       |       |       |       |       |       |       |       |   840 ||   840
